 Dungeon Crawl Stone Soup version 0.30-a0-696-g2367cd04db (webtiles) character file.

Game seed: 2358145956137516622

578 Absynth the Sneak (level 7, -1/50 HPs)
             Began as a Demonspawn Brigand on Jan 20, 2023.
             Was an Initiate of Dithmenos.
             Killed by nerve-wracking pain
             ... invoked by an orc priest
              (10 damage)
             ... on level 5 of the Dungeon.
             The game lasted 00:10:20 (3767 turns).

Absynth the Sneak (Demonspawn Brigand)              Turns: 3767, Time: 00:10:20

Health: -1/50      AC:  8    Str: 11    XL:     7   Next: 13%
Magic:  7/7        EV: 13    Int: 12    God:    Dithmenos [......]
Gold:   171        SH:  0    Dex: 17    Spells: 6/6 levels left

rFire   . . .      SeeInvis +    a - +2 dagger
rCold   + . .      Faith    .    (no shield)
rNeg    . . .      Spirit   .    b - +0 robe
rPois   .          Reflect  .    (no helmet)
rElec   .          Harm     .    c - +0 cloak
rCorr   .          Rampage  .    (no gloves)
Will    .....                    m - +0 pair of boots
Stlth   +++                      (no amulet)
HPRegen 0.28/turn                l - ring of see invisible
MPRegen 0.10/turn                (no ring)

@: no status effects
A: claws 1, icy blue scales 3, ignite blood 1
a: Renounce Religion


You were on level 5 of the Dungeon.
You worshipped Dithmenos.
Dithmenos was noncommittal.
You visited 1 branch of the dungeon, and saw 5 of its levels.

You collected 171 gold pieces.

Inventory:

Hand Weapons
 a - a +2 dagger (weapon)
Missiles
 d - 12 poisoned darts (quivered)
 e - 3 curare-tipped darts
 s - 4 atropa-tipped darts
Armour
 b - a +0 robe (worn)
 c - a +0 cloak (worn)
 m - a +0 pair of boots (worn)
Jewellery
 l - a ring of see invisible (left claw)
Wands
 r - a wand of roots (9)
Scrolls
 g - 5 scrolls of identify {unknown}
 h - 3 scrolls of magic mapping {unknown}
 n - 2 scrolls of fog {unknown}
 o - 2 scrolls of blinking {unknown}
 p - a scroll of amnesia {unknown}
 q - a scroll of teleportation {unknown}
 t - a scroll of noise {unknown}
 v - a scroll of butterflies {unknown}
Potions
 f - a potion of attraction {unknown}
 i - 3 potions of curing {unknown}
 j - a potion of magic {unknown}
 k - a potion of lignification {unknown}


   Skills:
 - Level 2.0 Fighting
 * Level 4.6 Short Blades
 - Level 1.7 Throwing
 + Level 3.1 Dodging
 * Level 6.0 Stealth


You had 6 spell levels left.
You didn't know any spells.
Your spell library contained the following spells:

 Spells                   Type           Power      Damage    Failure   Level
 Freeze                   Ice            0%         1d3       32%         1
 Frozen Ramparts          Ice            0%         1d1       69%         3
 Hailstorm                Conj/Ice       0%         3d3       69%         3
 Summon Guardian Golem    Hex/Summ       0%         N/A       69%         3
 Orb of Destruction       Conj           0%         9d5       100%        7
 Spellforged Servitor     Conj/Summ      0%         N/A       100%        7


Dungeon Overview and Level Annotations

Branches:
Dungeon (5/15)
 Temple: D:4-7

Altars:
Cheibriados
Dithmenos
Fedhas
Gozag
Hepliaklqana
Qazlal
Uskayaw
Yredelemnul

Shops:
D:2 [

Portals:
Sewer: D:5


Innate Abilities, Weirdness & Mutations

You have sharp fingernails.
You are completely covered in icy blue scales. (AC +4, rC+)
Your demonic aura sometimes causes spilled blood to erupt in flames.


Message History

The orc's wounds heal themselves!
You closely miss the orc. You hit the orc.
The orc is moderately wounded.
The orc misses you.
You hit the orc.
The orc is severely wounded.
The orc hits you but does no damage.
You hit the orc.
The orc is almost dead.
The orc hits you with a +0 hand axe.
* * * LOW HITPOINT WARNING * * *
You hit the orc.
You kill the orc!
Dithmenos accepts your kill.
The orc priest miscasts a cantrip.
The orc priest misses you.
Things that are here:
a +0 hand axe; a +0 leather armour; an orc corpse You hit the orc priest but do no damage.
You barely miss the orc priest.
The orc priest hits you with a +0 dagger.
* * * LOW HITPOINT WARNING * * *
You hit the orc priest.
The orc priest is lightly wounded.
The orc priest invokes the aid of Beogh against you.
Pain shoots through your body!
* * * LOW HITPOINT WARNING * * *
Aiming: Fastroot
Press: ? - help, Shift-Dir - straight line The roots erupt in riotous growth!
Roots grab the orc priest.
The grasping roots constrict the orc priest.
The orc priest completely misses you.
You hit the orc priest but do no damage.
The orc priest is lightly wounded.
The grasping roots constrict the orc priest.
The orc priest mumbles some strange prayers to Beogh against you.
Pain shoots through your body!
You die...

#.#~~BBS#.##o..#
#.###.#######....#.#
#
#....)$.......#.h..
.###
####.....#...#o..#
....
#..........#####.#
.###
#.##.....#...#...# #
#.###...####.#.#.#
#. ####.####.##
#)o.#.# #. .
.#........# ##@##.#
##.#. .....######
#.##.. .(.. .#####
#........ ..# ##
###.##### #.# # #.#
####.### # #.#
#....).# # ##.#
#.##.#(# #
############..#####.
#.#.# #
#..)..>$............
#.#.#


You could see an orc priest (rooted).

Vanquished Creatures
  A black bear (D:4)
  An ogre (D:5)
  A centaur (D:5)
  A scorpion (D:5)
  A hound (D:5)
  An orc wizard (D:3)
  Natasha (thrice) (D:3)
  5 adders
  An ufetubus (D:5)
  A worm (D:2)
  2 dart slugs (D:1)
  9 orcs
  11 endoplasms
  3 giant cockroaches
  8 goblins
  4 hobgoblins
  6 jackals
  4 quokkas
  3 ball pythons
  2 bats
  3 kobolds
  5 rats
76 creatures vanquished.

Vanquished Creatures (others)
  A plant (D:1)
1 creature vanquished.

Grand Total: 77 creatures vanquished

Notes
Turn   | Place    | Note
-------+----------+-------------------------------------------
     0 | D:1      | Absynth the Demonspawn Brigand began the quest for the Orb.
     0 | D:1      | Reached XP level 1. HP: 16/16 MP: 1/1
    18 | D:1      | Reached skill level 1 in Dodging
   160 | D:1      | Found a faded altar of an unknown god.
   186 | D:1      | Gained mutation: You are partially covered in icy blue
                  | scales. (AC +2) [demonic ancestry]
   186 | D:1      | Reached XP level 2. HP: 22/22 MP: 2/2
   511 | D:1      | Reached skill level 4 in Stealth
  1115 | D:2      | Gained mutation: Your demonic aura sometimes causes spilled
                  | blood to erupt in flames. [demonic ancestry]
  1115 | D:2      | Reached XP level 3. HP: 27/27 MP: 3/3
  1604 | D:2      | Found Wekkoh's Armour Shoppe.
  1666 | D:2      | Gained mutation: You are mostly covered in icy blue scales.
                  | (AC +3) [demonic ancestry]
  1666 | D:2      | Reached XP level 4. HP: 33/33 MP: 4/4
  2261 | D:3      | Noticed Natasha
  2268 | D:3      | Killed Natasha
  2308 | D:3      | Found a blossoming altar of Fedhas.
  2335 | D:3      | Found a snail-covered altar of Cheibriados.
  2350 | D:3      | Gained mutation: You have sharp fingernails. [demonic
                  | ancestry]
  2350 | D:3      | Reached XP level 5. HP: 38/38 MP: 5/5
  2377 | D:3      | Found an opulent altar of Gozag.
  2383 | D:3      | Found a basalt altar of Yredelemnul.
  2386 | D:3      | Found a hide-covered altar of Uskayaw.
  2387 | D:3      | Found a stormy altar of Qazlal.
  2392 | D:3      | Found a shadowy altar of Dithmenos.
  2397 | D:3      | Became a worshipper of Dithmenos the Shadowed
  2466 | D:3      | Noticed Natasha
  2481 | D:3      | Killed Natasha
  2678 | D:3      | Noticed Natasha
  2688 | D:3      | Killed Natasha
  2689 | D:3      | Reached skill level 5 in Stealth
  2917 | D:4      | Noticed a black bear
  3259 | D:4      | Killed a black bear
  3260 | D:4      | Gained mutation: You are completely covered in icy blue
                  | scales. (AC +4, rC+) [demonic ancestry]
  3260 | D:4      | Reached XP level 6. HP: 44/44 MP: 6/6
  3473 | D:5      | Entered Level 5 of the Dungeon
  3665 | D:5      | Found a hazy altar of Hepliaklqana.
  3699 | D:5      | Found a glowing drain.
  3713 | D:5      | Reached skill level 6 in Stealth
  3713 | D:5      | Reached XP level 7. HP: 38/50 MP: 7/7
  3767 | D:5      | Killed from afar by an orc priest

Illustrated notes

Levels and vault maps discovered:
D:1:      psy_arrival_whirlpool, layout_basic,
          hellmonk_ecumenical_altar_zigzags, minmay_misc_feat_four_crosses,
          kennysheep_doodads, serial_bayou_pond_c,
          amcnicky_mini_rare_corridor_liquid, minmay_misc_feat_rows
D:2:      layout_basic, serial_shops, nicolae_lakefront_shop
D:3:      layout_basic, fedhas_ov_isle_minmay,
          nicolae_overflow_hallway_of_the_gods, uniq_natasha
D:4:      layout_basic, chequers_serial_rivers_micro_a
D:5:      layout_loops_ring, kennysheep_little_box, gup_sewer_entry_glass,
          uniq_pikel

Skill      XL: |  1  2  3  4  5  6 |
---------------+-------------------+-----
Dodging        | 1 2 3 |  3.1
Short Blades   | 2 3 4 |  4.6
Stealth        | 4 5 6 |  6.0
Fighting       | |  2.0
Throwing       | |  1.7

Action                   |  1- 3 |  4- 6 |  7- 9 || total
-------------------------+-------+-------+-------++-------
Melee: Dagger            |   115 |   121 |    31 ||   267
       Punch             |       |     2 |       ||     2
Throw: Dart              |     9 |     8 |       ||    17
Evoke: Wand              |       |     6 |     1 ||     7
 Stab: Sleeping          |     5 |     6 |       ||    11
Armor: Robe              |    34 |    32 |     5 ||    71
Dodge: Dodged            |    65 |    70 |    14 ||   149

Table legend: (Time is in decaauts)
 A = Elapsed time spent in this place.
 B = Non-inter-level travel time spent in this place.
 C = Inter-level travel time spent in this place.
 D = Time resting spent in this place.
 E = Time spent auto-exploring this place.
 F = Levels seen in this place.
 G = Mean time per level.
                   A        B        C        D        E       F      G
               +--------+--------+--------+--------+--------+-----+--------+
         Total |   3739 |   3668 |     71 |    363 |   2412 |   5 |  747.8 |
       Dungeon |   3739 |   3668 |     71 |    363 |   2412 |   5 |  747.8 |
               +--------+--------+--------+--------+--------+-----+--------+

Top non-repeatable levels by time:
     D:1: 981 daAuts
     D:2: 962 daAuts
     D:3: 763 daAuts
     D:4: 749 daAuts
     D:5: 283 daAuts
